cohdb
Replays
Latest Replays
All Replays
Popular Replays
Top Player Replays
Match Explorer
How It Works
Community
CoH3 Stats
Reddit
Sign in to upload your games and track your stats! →
Sign in with Steam
Match 36344618
Unlisted
Match 36344618
Overview
Messages
Build Orders
End
250 Light Carrier
Panzergrenadier Squad
Panzergrenadier Squad
Construct Light Support Kompanie
Combat Half-tracks
2.5-tonne Medical Truck
Construct Mechanized Kompanie
Assault Mechanized Group
Selects Armored Support Battlegroup
Selects Superior Fire Drills
8 Rad Armored Car
Marder III Tank Destroyer
Selects Salvage Kits
Veteran Squad Leaders
Vehicle Survival Package
Construct Panzerarmee Kommand
Flak 36 Anti-tank Gun Team
254 Reconnaissance Tractor
Emergency Repair Kits
Armored Reserves
Tiger Heavy Tank
Rapid Advance
Panzer III L Medium Tank
Tungsten Core Ammunition
Magnum Avocado
Dislocated Medic
Yaas
Isundil
CommieRed
Thank You Chef
0
0
Comments
sign in to comment!
No comments posted yet!